 Dungeon Crawl Stone Soup version 0.23.1 (webtiles) character file.

Game seed: 0

10426 Devinter the Quickloader (level 11, -3/135 HPs)
             Began as a Formicid Hunter on Mar 17, 2019.
             Was an Initiate of Gozag.
             Slain by a spiny frog (12 damage)
             ... on level 1 of the Lair of Beasts.
             The game lasted 01:18:07 (13906 turns).

Devinter the Quickloader (Formicid Hunter)         Turns: 13906, Time: 01:18:08

Health: -3/135     AC: 25    Str: 20    XL:     11   Next: 92%
Magic:  8/8        EV:  2    Int: 12    God:    Gozag
Gold:   377        SH:  0    Dex: 14    Spells: 13/15 levels left

rFire    . . .     SeeInvis .   Q - +12 glaive of Juvirphyn {antimagic, rC+ Str+4}
rCold    + . .     Gourm    .   (no shield)
rNeg     + + +     Faith    .   (armour currently unavailable)
rPois    +         Spirit   .   (helmet unavailable)
rElec    .         Reflect  .   (cloak currently unavailable)
rCorr    .         Harm     .   (gloves currently unavailable)
MR       +....                  (boots currently unavailable)
Stlth    ++........             L - amulet of magic regeneration
HPRegen  0.32/turn              K - ring of magical power
MPRegen  0.36/turn              (no ring)

@: tree-form, gold aura
A: permanent stasis, dig shafts and tunnels, four strong arms
a: Potion Petition, Call Merchant, Bribe Branch, Renounce Religion


You were on level 1 of the Lair of Beasts.
You worshipped Gozag.
Gozag was aware of your devotion.
You were not hungry.
You were a tree.
You visited 2 branches of the dungeon, and saw 13 of its levels.
You also visited: Sewer and Ossuary.

You collected 1721 gold pieces.
You spent 777 gold pieces at shops.
You paid 567 gold pieces to Gozag.

Inventory:

Hand Weapons
 a - a +1 hand crossbow
 N - a +2 trident of venom
 Q - the +12 glaive of Juvirphyn (weapon) {antimagic, rC+ Str+4}
   (You bought it in a shop on level 1 of the Lair of Beasts)

   It reduces the magical energy of the wielder, and disrupts the spells and
   magical abilities of those hit.
   Natural abilities and divine invocations are not affected.
   It affects your strength (+4).
   It protects you from cold.
 R - a +0 bardiche
Missiles
 e - 38 sling bullets
 g - 348 stones (quivered)
 k - 3 curare-tipped needles
 m - 20 bolts
 v - 2 throwing nets
 y - 116 arrows
 A - 4 needles of confusion
 D - 27 poisoned needles
 H - 4 tomahawks
 Y - 7 javelins
Armour
 l - a +1 leather armour of magic resistance (melded)
 p - a +1 cloak
 s - a scarf of repulsion (melded)
 C - a +2 pair of gloves (melded)
Jewellery
 o - an uncursed ring of ice
 K - a ring of magical power (left branch)
 L - an amulet of magic regeneration (around neck)
Wands
 b - a wand of polymorph (19)
 G - a wand of disintegration (1)
 U - a wand of digging (6)
 Z - a wand of clouds (4)
Scrolls
 c - 12 scrolls of remove curse
 d - 3 scrolls of magic mapping {unknown}
 i - 4 scrolls of fog
 j - a scroll of torment {unknown}
 t - 3 scrolls of blinking {unknown}
 w - a scroll of silence
 B - 2 scrolls of noise {unknown}
 J - 5 scrolls of enchant weapon
 O - a scroll of summoning {unknown}
 P - 2 scrolls of enchant armour {unknown}
 S - 2 scrolls of vulnerability {unknown}
 T - 2 scrolls of fear {unknown}
 V - 2 scrolls of teleportation {unknown}
 X - 3 scrolls of amnesia
Potions
 h - 4 potions of might
 n - 7 potions of curing
 q - a potion of ambrosia {unknown}
 r - a potion of lignification
 u - 2 potions of cancellation
 x - a potion of heal wounds
 z - 2 potions of brilliance
 E - 4 potions of flight
 F - 6 potions of agility
 I - a potion of degeneration {unknown}
 M - a potion of mutation {unknown}
 W - a potion of resistance {unknown}
Comestibles
 f - 13 rations


   Skills:
 - Level 10.0 Fighting
 * Level 4.0 Polearms
 + Level 12.7 Crossbows
 - Level 5.0 Armour
 - Level 5.0 Dodging
 - Level 2.0 Stealth
 - Level 2.9 Spellcasting
 - Level 3.5 Hexes


You had 13 spell levels left.
You knew the following spells:

 Your Spells              Type           Power        Failure   Level  Hunger
a - Slow                  Hex            ##......     9%          2    ###....

Your spell library contained the following spells:

 Spells                   Type           Power        Failure   Level  Hunger
 Corona                   Hex            ##.....      6%          1    #......
 Inner Flame              Hex/Fire       #.......     36%         3    ###....
 Portal Projectile        Hex/Tloc       #.....       36%         3    ###....
 Cause Fear               Hex            ##........   50%         4    #####..
 Leda's Liquefaction      Hex/Erth       #.........   77%         4    #####..


Dungeon Overview and Level Annotations

Branches:
Dungeon (11/15)            Temple (0/1) D:6            Lair (2/6) D:10
    Orc (0/2) D:9
  Swamp: Lair:2-4    Shoals: Lair:2-4     Snake: Lair:2-4    Spider: Lair:2-4

Altars:
Ashenzari
Fedhas
Gozag
Kikubaaqudgha
Makhleb
Uskayaw
Xom

Shops:
D:7 (   D:9 ?   Lair:1 (

Annotations:
D:10 1 runed translucent door, brittlin's ghost, novice DrFE


Innate Abilities, Weirdness & Mutations

You cannot be hasted, slowed, berserked, paralysed or teleported.
You can dig through walls and to a lower floor.
Your four strong arms can wield two-handed weapons with a shield.
((You have a pair of large antennae on your head. (SInv)))


Message History

Aim: a spiny frog The wolf is in the way.
You miss the wolf.
The wolf is severely wounded.
The wolf barely misses you. The wolf bites you but does no damage.
The wolf bites you.
* * * LOW HITPOINT WARNING * * *
Attack whom?
Press: ? - help, Dir - move target cursor, f/p - spiny frog
Aim: a spiny frog You reach to attack!
You barely miss the spiny frog.
The wolf bites you but does no damage. x3
Attack whom?
Press: ? - help, Dir - move target cursor, f/p - spiny frog
Aim: a spiny frog The wolf is in the way.
You slash the wolf!
You kill the wolf!
Your Polearms skill increases to level 4!
The spiny frog stings you!
You die...
Your body crumbles into a pile of gold.

...#######...####.###....##......
#..................###...#.......
##......#...####.................
.......###..## ##................
.............## #.>......#.......
######.##.....# ##....#####......
# ###......## #....## #...... #
####.........###.....# #......
###.#..........#♣F....## #......
...............###....# #......
...............# #....### ##.....
.#####.........###......###......
## #............................
##...........................
##..........................
##.......###...............
########..##.### ##....####......


You could see a spiny frog.

Vanquished Creatures
  2 two-headed ogres
  2 spiny frogs (Lair:1)
  2 komodo dragons
  A tengu conjurer (D:10)
  A polar bear (Lair:2)
  3 hippogriffs
  A wraith (D:10)
  A shadow (D:10)
  A spriggan (Lair:1)
  5 yaks (Lair:1)
  A vampire (D:10)
  A soldier ant (D:10)
  3 porcupines (Lair:1)
  An orc warrior (D:9)
  4 water moccasins (Lair:1)
  An ice beast (D:10)
  A sky beast (D:4)
  A black bear (Lair:2)
  5 ogres
  4 phantoms
  11 wolves
  A crocodile (Lair:1)
  4 big kobolds
  8 bullfrogs
  2 scorpions
  4 killer bees (D:10)
  6 wights (D:10)
  3 howler monkeys
  3 crimson imps
  3 hounds
  An orc priest (D:4)
  A centaur zombie (D:8)
  Crazy Yiuf (D:2)
  3 centaur skeletons
  4 jellies
  3 orc wizards
  2 iguanas
  3 worker ants
  2 big kobold zombies (Ossuary)
  7 mummies (Ossuary)
  16 adders
  3 gnolls (D:3)
  4 river rats (Sewer)
  A shadow imp (D:8)
  2 oozes
  An adder zombie (D:5)
  2 adder skeletons (D:4)
  4 worms
  A dart slug (D:1)
  3 leopard geckos
  19 orcs
  7 ball pythons
  8 giant cockroaches
  3 gnoll zombies (Ossuary)
  13 goblins
  2 hobgoblins
  11 jackals
  33 kobolds
  4 quokkas
  11 bats
  11 frilled lizards
  A giant cockroach zombie (D:5)
  A hobgoblin zombie (Ossuary)
  2 orc zombies (Ossuary)
  26 rats
302 creatures vanquished.

Vanquished Creatures (others)
  A mummy (Ossuary)
  2 fungi
  8 plants (D:10)
11 creatures vanquished.

Grand Total: 313 creatures vanquished

Notes
Turn   | Place    | Note
-------+----------+-------------------------------------------
     0 | D:1      | Devinter the Formicid Hunter began the quest for the Orb.
     0 | D:1      | Reached XP level 1. HP: 16/16 MP: 1/1
    47 | D:1      | Reached XP level 2. HP: 23/23 MP: 2/2
   147 | D:1      | Reached skill level 2 in Dodging
   274 | D:1      | Reached XP level 3. HP: 28/28 MP: 3/3
   290 | D:1      | Reached skill level 2 in Stealth
  1072 | D:2      | Reached XP level 4. HP: 31/34 MP: 4/4
  1139 | D:2      | Reached skill level 3 in Fighting
  1448 | D:2      | Reached skill level 5 in Crossbows
  1829 | D:2      | Found a runed translucent door.
  1830 | D:2      | Noticed Crazy Yiuf
  1847 | D:2      | Killed Crazy Yiuf
  1847 | D:2      | Reached XP level 5. HP: 19/41 MP: 5/5
  2290 | D:3      | Noticed an ogre
  2293 | D:3      | Killed an ogre
  2293 | D:3      | Reached skill level 6 in Crossbows
  2293 | D:3      | Reached XP level 6. HP: 44/47 MP: 6/6
  2930 | D:4      | Found a sand-covered staircase.
  2948 | Ossuary  | Entered an ossuary
  2973 | Ossuary  | Reached skill level 7 in Crossbows
  3228 | Ossuary  | Reached XP level 7. HP: 40/52 MP: 7/7
  3600 | D:4      | Found a glowing drain.
  3612 | D:4      | Reached skill level 8 in Crossbows
  3614 | Sewer    | Entered a sewer
  3785 | Sewer    | Reached skill level 1 in Armour
  3852 | Sewer    | Reached XP level 8. HP: 42/58 MP: 8/8
  4285 | D:4      | Reached skill level 2 in Armour
  4449 | D:4      | Reached skill level 4 in Fighting
  4460 | D:4      | Reached skill level 9 in Crossbows
  4730 | D:4      | Found an opulent altar of Gozag.
  4732 | D:4      | Found a burning altar of Makhleb.
  4741 | D:4      | Became a worshipper of Gozag Ym Sagoz the Greedy
  4901 | D:4      | Found a blossoming altar of Fedhas.
  5085 | D:5      | Entered Level 5 of the Dungeon
  5257 | D:5      | Found a shattered altar of Ashenzari.
  5324 | D:5      | Got a sheer robe
  5491 | D:6      | Identified the cursed +0 robe of the Sturgeon {+Inv Dex+4
                  | SInv} (You found it on level 5 of the Dungeon)
  5953 | D:6      | Reached skill level 5 in Fighting
  6055 | D:6      | Found a staircase to the Ecumenical Temple.
  6315 | D:7      | Reached skill level 10 in Crossbows
  6315 | D:7      | Reached XP level 9. HP: 62/68 MP: 9/9
  6637 | D:7      | Reached skill level 3 in Armour
  6734 | D:7      | Found a hide-covered altar of Uskayaw.
  6741 | D:7      | Found Hahal's Weapon Boutique.
  6918 | D:8      | Noticed a hippogriff
  6933 | D:8      | Killed a hippogriff
  6933 | D:8      | Reached skill level 6 in Fighting
  7111 | D:8      | Reached skill level 4 in Armour
  7282 | D:8      | Got an ichor-stained robe
  7293 | D:8      | Identified the +1 robe of Repulsion {+Inv Str+3} (You found
                  | it on level 8 of the Dungeon)
  7353 | D:8      | Found an ancient bone altar of Kikubaaqudgha.
  7570 | D:9      | Reached skill level 5 in Armour
  7687 | D:9      | Reached skill level 7 in Fighting
  7687 | D:9      | Reached XP level 10. HP: 79/79 MP: 10/10
  7809 | D:9      | Found a staircase to the Orcish Mines.
  7822 | D:9      | Reached skill level 11 in Crossbows
  7860 | D:9      | You fall through a shaft for 2 floors!
  7916 | D:10     | Entered Level 10 of the Dungeon
  7945 | D:10     | Reached skill level 3 in Dodging
  8284 | D:9      | Noticed a two-headed ogre
  8300 | D:9      | Killed a two-headed ogre
  8300 | D:9      | Reached skill level 8 in Fighting
  8300 | D:9      | Reached skill level 4 in Dodging
  8466 | D:9      | Found Bioc's Magic Scroll Shoppe.
  8558 | D:9      | Bought a scroll of identify for 24 gold pieces
  8558 | D:9      | Bought a scroll of random uselessness for 12 gold pieces
  8558 | D:9      | Bought a scroll of identify for 24 gold pieces
  8558 | D:9      | Bought a scroll of identify for 24 gold pieces
  8558 | D:9      | Bought a scroll of amnesia for 42 gold pieces
  8558 | D:9      | Bought a scroll of enchant weapon for 90 gold pieces
  8558 | D:9      | Bought a scroll of fog for 24 gold pieces
  8561 | D:9      | Bought a scroll of remove curse for 36 gold pieces
  8561 | D:9      | Bought a scroll of silence for 90 gold pieces
  8561 | D:9      | Bought a scroll of amnesia for 42 gold pieces
  8561 | D:9      | Bought a scroll of remove curse for 36 gold pieces
  9377 | D:10     | Found a staircase to the Lair.
  9425 | D:10     | Noticed a komodo dragon
  9448 | D:10     | Killed a komodo dragon
  9448 | D:10     | Reached skill level 9 in Fighting
  9448 | D:10     | Reached skill level 5 in Dodging
  9448 | D:10     | Reached XP level 11. HP: 12/89 MP: 11/11
  9890 | D:10     | Noticed a two-headed ogre
  9969 | D:10     | Killed a two-headed ogre
  9969 | D:10     | Reached skill level 12 in Crossbows
 10456 | D:10     | Found a runed translucent door.
 10483 | D:10     | Found a shimmering altar of Xom.
 10483 | D:10     | Noticed brittlin's ghost (novice DrFE)
 10832 | D:10     | Reached skill level 10 in Fighting
 10836 | D:10     | Learned a level 2 spell: Slow
 10899 | D:10     | Noticed a +2 halberd of chaos
 11084 | Lair:1   | Entered Level 1 of the Lair of Beasts
 11143 | Lair:1   | Found a shimmering altar of Xom.
 11153 | Lair:1   | Reached skill level 1 in Spellcasting
 11153 | Lair:1   | Reached skill level 1 in Hexes
 11434 | Lair:1   | Reached skill level 2 in Hexes
 11443 | Lair:1   | HP: 8/90 [spiny frog (14)]
 11447 | Lair:1   | Reached skill level 2 in Spellcasting
 12157 | Lair:1   | Reached skill level 3 in Hexes
 13109 | Lair:1   | Reached skill level 1 in Polearms
 13133 | Lair:1   | Reached skill level 2 in Polearms
 13379 | Lair:1   | Bought a translucent glaive for 333 gold pieces
 13379 | Lair:1   | Identified the +12 glaive of Juvirphyn {antimagic, rC+
                  | Str+4} (You bought it in a shop on level 1 of the Lair of
                  | Beasts)
 13671 | Lair:2   | Reached skill level 3 in Polearms
 13888 | Lair:2   | HP: 8/90 [spiny frog (16)]
 13897 | Lair:1   | HP: 5/90 [wolf (5)]
 13904 | Lair:1   | HP: 8/135 [wolf (6)]
 13906 | Lair:1   | Reached skill level 4 in Polearms
 13906 | Lair:1   | Slain by a spiny frog

Skill      XL: |  1  2  3  4  5  6  7  8  9 10 11 |
---------------+----------------------------------+-----
Dodging        | 2 5 |  5.0
Stealth        | 2 |  2.0
Fighting       | 3 5 7 9 10 | 10.0
Crossbows      | 5 6 7 8 10 11 12 | 12.7
Armour         | 1 2 5 |  5.0
Spellcasting   | 2 |  2.9
Hexes          | 3 |  3.5
Polearms       | 4 |  4.0

Action                   |  1- 3 |  4- 6 |  7- 9 | 10-12 || total
-------------------------+-------+-------+-------+-------++-------
Melee: Short sword       |       |    90 |       |       ||    90
       Quarterstaff      |       |    96 |   331 |       ||   427
       Trident           |       |       |       |   126 ||   126
       Glaive            |       |       |       |    28 ||    28
 Fire: Hand crossbow     |    68 |    16 |    94 |   279 ||   457
Throw: Stone             |       |     3 |       |     5 ||     8
 Cast: Slow              |       |       |       |     5 ||     5
Invok: Potion Petition   |       |       |       |     1 ||     1
       Call Merchant     |       |       |       |     1 ||     1
 Abil: Dig               |     1 |     4 |     5 |     6 ||    16
Evoke: Wand              |       |       |     1 |     6 ||     7
  Use: Scroll            |       |       |     4 |     8 ||    12
       Potion            |       |       |     2 |     8 ||    10
 Stab: Sleeping          |       |     1 |     9 |     1 ||    11
       Petrifying        |       |     1 |     1 |       ||     2
       Paralysed         |       |       |     1 |       ||     1
  Eat: Chunk             |       |     8 |     6 |       ||    14
       Ration            |       |       |     3 |     6 ||     9
Armor: Leather armour    |     8 |    64 |   176 |   100 ||   348
       Skin              |       |       |       |    36 ||    36
Dodge: Dodged            |    26 |   143 |   328 |   250 ||   747
